 Dungeon Crawl Stone Soup version 0.32-a0-999-gfa1cc04b1d (webtiles) character file.

Game seed: 11624437728115686089

30 protoss039 the Digger (level 3, 26/26 HPs)
             Began as a Demonspawn Earth Elementalist on Apr 24, 2024.
             Got out of the dungeon alive.
             The game lasted 00:01:26 (919 turns).

protoss039 the Digger (DsEE)                         Turns: 919, Time: 00:01:26

Health: 26/26      AC:  9    Str:  8    XL:     3   Next: 5%
Magic:  6/6        EV: 11    Int: 17    God:
Gold:   35         SH:  0    Dex: 13    Spells: 5/6 levels left

rFire   . . .        d - +0 short sword
rCold   . . .        (no shield)
rNeg    . . .        k - +0 ring mail
rPois   .            (no helmet)
rElec   .            (no cloak)
rCorr   .            (no gloves)
SInv    .            (no boots)
Will    .....        (no amulet)
Stlth   +            e - +4 ring of protection
HPRegen 0.24/turn    (no ring)
MPRegen 0.10/turn

%: no passive effects
@: wreathed by umbra
A: repulsion field 1, foul shadow 1
a: no special abilities


You escaped.
You visited 1 branch of the dungeon, and saw 2 of its levels.

You collected 35 gold pieces.

Inventory:

Hand Weapons
 d - a +0 short sword (weapon)
Armour
 k - a +0 ring mail (worn)
Jewellery
 e - a +4 ring of protection (left hand)
Scrolls
 a - a scroll of fear {unknown}
 c - a scroll of blinking {unknown}
 f - a scroll of acquirement {unknown}
 g - 3 scrolls of identify
 h - a scroll of fog {unknown}
 i - 3 scrolls of enchant armour
 l - a scroll of butterflies {unknown}
Potions
 b - a potion of magic
 j - a potion of ambrosia {unknown}
 m - a potion of heal wounds {unknown}


   Skills:
 + Level 1.4 Fighting
 * Level 0.0 Armour
 + Level 1.7 Dodging
 - Level 1.7 Stealth
 + Level 2.4 Spellcasting
 - Level 1.0 Conjurations
 + Level 3.1 Earth Magic


You had 5 spell levels left.
You knew the following spells:

 Your Spells              Type           Power      Damage    Failure   Level
a - Sandblast             Erth           24%        2d8       16%         1

Your spell library contained the following spells:

 Spells                   Type           Power      Damage    Failure   Level
 Passwall                 Erth           12%        N/A       43%         3
 Stone Arrow              Conj/Erth      18%        3d8       58%         3
 Brom's Barrelling Bould  Conj/Erth      9%         2d3       94%         4
 Petrify                  Alch/Erth      7%         N/A       96%         4


Dungeon Overview and Level Annotations

Branches:
Dungeon (2/15) Zot: 11065

Altars:


Innate Abilities, Weirdness & Mutations

You are surrounded by a mild repulsion field. (EV +2)
You are faintly shadowed, very rarely releasing foul flame when damaged in melee.


Message History

Casting: Sandblast (safe; 16% risk of failure)
Confirm with . or Enter, or press ? or * to list all spells.
Aiming: Sandblast (safe; 16% risk of failure)
Press: ? - help, Shift-Dir - straight line, f/p - hobgoblin
Aim: a hobgoblin (almost dead, umbra, 82% to hit)
The blast of sand hits the hobgoblin.
You kill the hobgoblin!
Unknown command.
You start resting.
Your magical contamination has completely faded away.
You start resting.
Unknown command.
Magic restored.
HP restored.
You see here a hobgoblin corpse.
Things that are here:
a +0 short sword; a kobold corpse A rat comes into view.
A rat is nearby!
A rat is nearby!
Unknown command.
Found a scroll of identify.
Casting: Sandblast (safe; 16% risk of failure)
Confirm with . or Enter, or press ? or * to list all spells.
Aiming: Sandblast (safe; 16% risk of failure)
Press: ? - help, Shift-Dir - straight line, f - rat
Aim: a rat (asleep, 100% to hit)
The blast of sand hits the rat!
You kill the rat!
Unknown command.
g - 3 scrolls of identify (gained 1)
There is a stone staircase leading up here.
You climb upwards.
There is a stone staircase leading down here.
You see here a +0 robe.
You see here a bat skeleton.
You see here a +0 plate armour.
There is an open door here.
There is a staircase leading out of the dungeon here.
You have escaped!

#~...♣♣######........## #≈~...♣
#.######### #≈≈...♣# ##.# #
#≈≈~...# ##..# # #≈≈~~..# ##..##
# ##### ###~PP~..###..## #
##...###.#~PP~~.#...## #####
##........#~~PP~.##### ###....
#.......#.#.~~P~@'.########...###
#.........#P.~P~.#.......÷..### #
#.........'..~~≈.#[##############
##.....#..#...≈~≈#.## #.....
#.......#.#♣.P.~~#..########.##..
#.......#.#♣..).≈##.............#
#.......#.#♣<...~########÷.######
##........#♣♣...≈######....##....
##.....##.# ♣♣..~#......#.....###


There were no monsters in sight!

Vanquished Creatures
  An endoplasm (D:1)
  A giant cockroach (D:1)
  5 hobgoblins
  3 kobolds
  3 quokkas (D:1)
  2 ball pythons (D:1)
  5 bats
  3 frilled lizards (D:1)
  2 goblins (D:1)
  2 rats
  A spectral goblin (D:1)
28 creatures vanquished.

Notes
Turn   | Place    | Note
-------+----------+-------------------------------------------
     0 | D:1      | protoss039 the Demonspawn Earth Elementalist began the
                  | quest for the Orb.
     0 | D:1      | Reached XP level 1. HP: 13/13 MP: 3/3
   158 | D:1      | Gained mutation: You are surrounded by a mild repulsion
                  | field. (EV +2) [demonic ancestry]
   158 | D:1      | Reached XP level 2. HP: 17/20 MP: 5/5
   192 | D:1      | Reached skill level 1 in Fighting
   312 | D:1      | Found a faded altar of an unknown god.
   341 | D:1      | Reached skill level 3 in Earth Magic
   755 | D:2      | Gained mutation: You are faintly shadowed, very rarely
                  | releasing foul flame when damaged in melee. [demonic
                  | ancestry]
   755 | D:2      | Reached XP level 3. HP: 4/26 MP: 1/6
   919 | D:$      | Got out of the dungeon alive.

Illustrated notes

Levels and vault maps discovered:
D:1:      tarquinn_simple_flora_water_c, layout_rooms,
          dreamdust_ecumenical_altar_drowned_temple, minmay_misc_feat_pillars
D:2:      layout_loops_ring, serial_shops, nicolae_shop_statue_plus

Skill      XL: |  1  2 |
---------------+-------+-----
Fighting       | 1 |  1.4
Earth Magic    | 3 |  3.1
Dodging        | |  1.7
Stealth        | |  1.7
Spellcasting   | |  2.4
Conjurations   | |  1.0

Action                     || total
---------------------------++-------
  Melee: Short sword       ||    66
         Unarmed           ||     1
   Cast: Sandblast         ||    22
    Use: Scroll            ||     1
   Stab: Sleeping          ||     3
         Distracted        ||     1
 Armour: Robe              ||    33
         Ring mail         ||    14
  Dodge: Dodged            ||    66

Table legend: (Time is in decaauts)
 A = Elapsed time spent in this place.
 B = Non-inter-level travel time spent in this place.
 C = Inter-level travel time spent in this place.
 D = Time resting spent in this place.
 E = Time spent auto-exploring this place.
 F = Levels seen in this place.
 G = Mean time per level.
                   A        B        C        D        E       F      G
               +--------+--------+--------+--------+--------+-----+--------+
         Total |    934 |    844 |     90 |     55 |    557 |   2 |  467.0 |
       Dungeon |    934 |    844 |     90 |     55 |    557 |   2 |  467.0 |
               +--------+--------+--------+--------+--------+-----+--------+

Top non-repeatable levels by time:
     D:1: 745 daAuts
     D:2: 188 daAuts
